 Dungeon Crawl Stone Soup version 0.28.0-53-g5a82cb258f (webtiles) character file.

Game seed: 2373843292537498897

10 Diggabert the Skirmisher (level 2, 0/24 HPs)
             Began as a Human Fighter on July 2, 2022.
             Was an Initiate of Ru.
             Slain by an endoplasm (1 damage)
             ... on level 1 of the Dungeon.
             The game lasted 00:01:02 (636 turns).

Diggabert the Skirmisher (Human Fighter)             Turns: 636, Time: 00:01:02

Health: 0/24       AC:  6    Str: 16    XL:     2   Next: 30%
Magic:  2/2        EV:  8    Int:  8    God:    Ru [......]
Gold:   17         SH:  4    Dex: 12    Spells: 1/1 levels left

rFire   . . .      SeeInvis .   a - +0 flail
rCold   . . .      Faith    .   c - +0 buckler
rNeg    . . .      Spirit   .   b - +0 scale mail
rPois   .          Reflect  .   (no helmet)
rElec   .          Harm     .   (no cloak)
rCorr   .          Rampage  .   (no gloves)
Will    .....                   (no boots)
Stlth   ..........              (no amulet)
HPRegen 0.08/turn               (no ring)
MPRegen 0.08/turn               (no ring)

@: no status effects
A: no striking features
a: Renounce Religion, Sacrifice Stealth, Sacrifice Words, Sacrifice Arcana,
Reject Sacrifices


You were on level 1 of the Dungeon.
You worshipped Ru.
Ru was noncommittal.
You visited 1 branch of the dungeon, and saw 1 of its levels.

You collected 17 gold pieces.

Inventory:

Hand Weapons
 a - a +0 flail (weapon)
Armour
 b - a +0 scale mail (worn)
 c - a +0 buckler (worn)
Jewellery
 e - a ring of protection from fire
Scrolls
 f - a scroll of fog {unknown}
 g - a scroll of immolation {unknown}
Potions
 d - a potion of might
 h - a potion of heal wounds {unknown}


   Skills:
 * Level 3.2 Fighting
 * Level 2.1 Maces & Flails
 * Level 3.2 Armour
 * Level 3.1 Shields


You had one spell level left.
You didn't know any spells.
Your spell library contained the following spells:

 Spells                   Type           Power      Damage    Failure   Level
 Blink                    Tloc           0%         N/A       97%         2
 Manifold Assault         Tloc           0%         N/A       100%        5
 Storm Form               Tmut/Air       0%         N/A       100%        7


Dungeon Overview and Level Annotations

Branches:
Dungeon (1/15)

Altars:
Ru


Message History

The endoplasm freezes you.
You are frozen.
The quokka barely misses you. The endoplasm freezes you.
You are frozen.
The quokka closely misses you. You block the quokka's attack.
The endoplasm closely misses you. The quokka misses you.
The endoplasm hits you but does no damage.
The quokka closely misses you. The endoplasm freezes you.
You are frozen.
The quokka bites you but does no damage.
The endoplasm hits you but does no damage.
You block the quokka's attack. The endoplasm freezes you.
You are frozen.
The quokka bites you. The quokka bites you.
The endoplasm hits you but does no damage.
The quokka bites you.
The endoplasm hits you but does no damage.
The quokka closely misses you.
The endoplasm hits you but does no damage.
The quokka bites you. You block the endoplasm's attack. The quokka bites you.
* * * LOW HITPOINT WARNING * * *
The endoplasm barely misses you.
The quokka bites you but does no damage.
You block the quokka's attack.
The endoplasm hits you but does no damage.
The quokka closely misses you. The endoplasm freezes you.
You are frozen.
* * * LOW HITPOINT WARNING * * *
The quokka bites you but does no damage.
The endoplasm freezes you.
You are frozen.
* * * LOW HITPOINT WARNING * * *
The quokka bites you.
* * * LOW HITPOINT WARNING * * *
The endoplasm hits you.
You die...

####............##+##...≈♣♣♣♣♣≈≈P
..)....................P≈≈P♣♣P≈P≈
..#.....................≈P≈P≈P≈..
..#.......................≈.≈P...
..#....#..................PP..###
..#.#..#......................#
..#....# ...................#.#
..###..# .....................###
..# ..# .......@######♣≈♣♣♣♣....
..# .......Jr....≈≈≈≈P≈≈≈... ..#
.............♣≈P≈≈P≈≈≈≈♣ ..#
.............♣≈≈≈≈≈≈≈≈≈≈ ###
............≈≈≈≈≈≈≈≈≈≈≈≈ #
...........P≈P≈≈≈≈≈≈P≈≈≈
...........≈.≈..≈♣≈≈P≈≈≈
.......#.....≈....≈..≈PP
..........


You could see an endoplasm and a quokka.

Vanquished Creatures
  2 bats (D:1)
  A hobgoblin (D:1)
  3 jackals (D:1)
  A kobold (D:1)
  A rat (D:1)
8 creatures vanquished.

Notes
Turn   | Place    | Note
-------+----------+-------------------------------------------
     0 | D:1      | Diggabert the Human Fighter began the quest for the Orb.
     0 | D:1      | Reached XP level 1. HP: 18/18 MP: 1/1
   199 | D:1      | Reached XP level 2. HP: 20/24 MP: 2/2
   453 | D:1      | Noticed a great orb of eyes
   458 | D:1      | Noticed a shining eye
   460 | D:1      | Found a faded altar of an unknown god.
   461 | D:1      | Noticed a floating eye
   461 | D:1      | Noticed a shining eye
   468 | D:1      | Prayed at the altar of an unknown god.
   468 | D:1      | Became a worshipper of Ru the Awakened
   635 | D:1      | HP: 1/24 [quokka (1)]
   636 | D:1      | Slain by an endoplasm

Illustrated notes

Levels and vault maps discovered:
D:1:      kilobyte_arrival_exit_the_forest, layout_basic, serial_bayou,
          serial_bayou_pond_c, serial_bayou_crossing, serial_bayou_shore_b,
          serial_bayou_ford_a, hellmonk_ecumenical_altar_watching_god

Action                   || total
-------------------------++-------
Melee: Flail             ||    35
Armor: Scale mail        ||    41
Dodge: Dodged            ||    34
Block: Buckler           ||    11
